 Dungeon Crawl Stone Soup version 0.30.1-3-gfc49f6343a (webtiles) character file.

Game seed: 15907527973153089922

249 Bronimir the Slasher (level 6, -3/48 HPs)
             Began as a Human Berserker on July 29, 2023.
             Was a Follower of Trog.
             Slain by an iguana (13 damage)
             ... on level 4 of the Dungeon.
             The game lasted 00:04:04 (2740 turns).

Bronimir the Slasher (Human Berserker)              Turns: 2740, Time: 00:04:04

Health: -3/48      AC:  3    Str: 19    XL:     6   Next: 35%
Magic:  6/6        EV: 12    Int:  7    God:    Trog [*.....]
Gold:   170        SH:  0    Dex: 13    Spells: 5/5 levels left

rFire   . . .        a - +0 falchion
rCold   . . .        (no shield)
rNeg    . . .        b - +0 animal skin
rPois   .            (no helmet)
rElec   .            (no cloak)
rCorr   .            q - +0 pair of gloves
SInv    .            (no boots)
Will    .....        g - amulet of the acrobat
Stlth   +            k - ring of flight
HPRegen 0.28/turn    (no ring)
MPRegen 0.10/turn

%: acrobat
@: flying
A: no striking features
a: Renounce Religion, Berserk


You were on level 4 of the Dungeon.
You worshipped Trog.
Trog was aware of your devotion.
You visited 1 branch of the dungeon, and saw 4 of its levels.

You collected 170 gold pieces.

Inventory:

Hand Weapons
 a - a +0 falchion (weapon)
 o - the +6 hand axe of the Candelabrum {flame, Fragile rN++ Will+ Int+2}
   (You found it on level 2 of the Dungeon)

   Int:       It affects your intelligence (+2).
   rN:        It greatly protects you from negative energy.
   Fragile:   It will be destroyed if unequipped.
   Will:      It increases your willpower.
Armour
 b - a +0 animal skin (worn)
 q - a +0 pair of gloves (worn)
Jewellery
 g - an amulet of the acrobat (around neck)
 k - a ring of flight (left hand)
 n - an amulet of regeneration
Scrolls
 e - 5 scrolls of identify {unknown}
 f - 2 scrolls of fear {unknown}
 i - 7 scrolls of enchant armour {unknown}
 l - a scroll of teleportation {unknown}
 m - 2 scrolls of blinking {unknown}
 p - 2 scrolls of noise {unknown}
 t - a scroll of fog {unknown}
 u - a scroll of vulnerability {unknown}
Potions
 c - 3 potions of degeneration {unknown}
 d - a potion of lignification {unknown}
 h - 4 potions of curing {unknown}
 j - a potion of mutation {unknown}
 r - 3 potions of brilliance {unknown}
 s - a potion of heal wounds {unknown}


   Skills:
 + Level 4.1 Fighting
 * Level 5.4 Long Blades
 * Level 2.3 Armour
 + Level 2.5 Dodging
 + Level 0.5 Stealth


You had 5 spell levels left.
You didn't know any spells.
Your spell library was empty.

Dungeon Overview and Level Annotations

Branches:
Dungeon (4/15)
 Temple: D:4-7

Altars:
Gozag
Hepliaklqana


Message History

An iguana is nearby!
An iguana is nearby!
The iguana hisses angrily.
You hit the iguana.
The iguana is moderately wounded.
The iguana bites you.
You barely miss the iguana.
The iguana is moderately wounded.
The iguana barely misses you.
You hit the iguana but do no damage.
The iguana is moderately wounded.
The iguana closely misses you.
You hit the iguana but do no damage.
The iguana is moderately wounded.
The iguana barely misses you.
You hit the iguana.
The iguana is heavily wounded.
The iguana bites you!
You hit the iguana but do no damage.
The iguana is heavily wounded.
The iguana bites you.
You hit the iguana.
The iguana is severely wounded.
A hound comes into view.
The iguana bites you.
The hound moves out of view.
You hit the iguana.
The iguana is almost dead.
The iguana bites you.
You are too injured to fight recklessly!
You are too injured to fight recklessly!
You are too injured to fight recklessly!
You are too injured to fight recklessly!
You closely miss the iguana. Your punch misses the iguana.
The iguana is almost dead.
The iguana bites you! The iguana bites you.
* * * LOW HITPOINT WARNING * * *
You hit the iguana but do no damage.
The iguana is almost dead.
The iguana bites you!
You die...

##.#............ .....
.#.#..........###.....
⌠'.#..#........#....#
.#)...#.#...#..#..#
##..........#.....#
#.......†.##.....# .
#............#...# .#.
..............#...#.....
................@.....#.
.##.............l.......
. #...........###.......
.....#.>.#....# >......
.....#...#.............
.#. ...###.#..........
....... .##....


You could see an iguana.

Vanquished Creatures
  A black bear (D:4)
  An ogre (D:3)
  2 worms
  5 dart slugs
  5 orcs (D:3)
  4 endoplasms
  2 giant cockroaches
  6 goblins
  4 hobgoblins
  3 jackals (D:4)
  A quokka (D:4)
  6 ball pythons
  A frilled lizard (D:2)
  5 kobolds
  8 rats
54 creatures vanquished.

Notes
Turn   | Place    | Note
-------+----------+-------------------------------------------
     0 | D:1      | Bronimir the Human Berserker began the quest for the Orb.
     0 | D:1      | Reached XP level 1. HP: 18/18 MP: 1/1
   126 | D:1      | Reached XP level 2. HP: 16/24 MP: 2/2
   248 | D:1      | Found a faded altar of an unknown god.
  1009 | D:2      | Reached XP level 3. HP: 13/29 MP: 3/3
  1310 | D:2      | Identified the +6 hand axe of the Candelabrum {flame,
                  | Fragile rN++ Will+ Int+2}
  1961 | D:3      | Reached XP level 4. HP: 32/37 MP: 4/4
  2024 | D:3      | Found an opulent altar of Gozag.
  2227 | D:3      | Found a hazy altar of Hepliaklqana.
  2329 | D:3      | Noticed an ogre
  2333 | D:3      | Reached skill level 4 in Long Blades
  2341 | D:3      | Killed an ogre
  2342 | D:3      | Reached XP level 5. HP: 42/42 MP: 5/5
  2548 | D:4      | Noticed a black bear
  2560 | D:4      | Killed a black bear
  2561 | D:4      | Reached skill level 5 in Long Blades
  2561 | D:4      | Reached XP level 6. HP: 38/48 MP: 6/6
  2740 | D:4      | Slain by an iguana

Illustrated notes

Levels and vault maps discovered:
D:1:      dpeg_arrival_line_fractal, layout_basic, basic_ecumenical_altar,
          chequers_serial_rivers_small_b
D:2:      layout_basic
D:3:      layout_basic, mainiacjoe_overflow_alcove_1, lemuel_round_altar
D:4:      layout_cave_pools, serial_shops, nicolae_stop_n_shop_2, serial_glass,
          glass_columns_b, glass_columns_a, minmay_strange_pillars,
          item_on_display_a, grunt_decor_arrowhead

Skill      XL: |  1  2  3  4  5 |
---------------+----------------+-----
Long Blades    | 4 5 |  5.4
Fighting       | 4 |  4.1
Armour         | |  2.3
Dodging        | |  2.5
Stealth        | |  0.5

Action                     |  1- 3 |  4- 6 || total
---------------------------+-------+-------++-------
  Melee: Falchion          |   106 |    67 ||   173
         Punch             |       |     2 ||     2
 Invoke: Berserk           |     3 |     2 ||     5
 Armour: Animal skin       |    19 |    12 ||    31
  Dodge: Dodged            |    64 |    42 ||   106
